 Dungeon Crawl Stone Soup version 0.32-a0-732-ga344392067 (webtiles) character file.

Game seed: 10311356193918641622

51 gimp the Trooper (level 3, -6/36 HPs)
             Began as a Gargoyle Berserker on Mar 17, 2024.
             Was a Follower of Trog.
             Mangled by Sigmund
             ... wielding a +1 heavy scythe
              (15 damage)
             ... on level 2 of the Dungeon.
             The game lasted 00:02:14 (956 turns).

gimp the Trooper (Gargoyle Berserker)                Turns: 956, Time: 00:02:15

Health: -6/36      AC:  5    Str: 20    XL:     3   Next: 81%
Magic:  3/3        EV: 11    Int:  7    God:    Trog [*.....]
Gold:   34         SH:  0    Dex: 11    Spells: 2/2 levels left

rFire   . . .        a - +0 hand axe
rCold   . . .        (no shield)
rNeg    + . .        b - +0 animal skin
rPois   ∞            (no helmet)
rElec   +            (no cloak)
rCorr   .            (no gloves)
SInv    .            (no boots)
Will    .....        (no amulet) Stlth
                     (no ring)
HPRegen 0.26/turn    (no ring)
MPRegen 0.08/turn

%: no passive effects
@: berserking, very quick
A: sickness immunity, AC +3, negative energy resistance 1, electricity
resistance, torment resistance 1, petrification resistance
a: Renounce Religion, Berserk


You were on level 2 of the Dungeon.
You worshipped Trog.
Trog was aware of your devotion.
You visited 1 branch of the dungeon, and saw 2 of its levels.

You collected 34 gold pieces.

Inventory:

Hand Weapons
 a - a +0 hand axe (weapon)
Armour
 b - a +0 animal skin (worn)
Jewellery
 i - a ring of flight
Scrolls
 c - 3 scrolls of identify {unknown}
 e - a scroll of amnesia {unknown}
 h - a scroll of poison {unknown}
Potions
 d - a potion of heal wounds {unknown}
 f - a potion of curing
 g - a potion of haste {unknown}


   Skills:
 + Level 4.0 Fighting
 * Level 3.7 Axes
 - Level 2.1 Armour
 - Level 1.5 Dodging


You had 2 spell levels left.
You didn't know any spells.
Your spell library was empty.

Dungeon Overview and Level Annotations

Branches:
Dungeon (2/15)

Altars:

Annotations:
D:2 Sigmund


Innate Abilities, Weirdness & Mutations

You are immune to sickness and miasma.
Your stone body is resilient. (AC +3)
You are immune to poison.
You resist negative energy. (rN+)
You are resistant to electric shocks. (rElec)
You are resistant to unholy torment.
You are immune to petrification.


Message History

The goblin hits you with a +0 dagger.
You take 1 damage, and have 23/24 hp.
The ball python hisses angrily.
You hit the goblin.
You kill the goblin!
Trog accepts your kill.
You slash the goblin!
You kill the goblin!
Trog accepts your kill.
You barely miss the ball python. The ball python closely misses you.
The ball python grabs you. The ball python constricts you.
The ball python bites you. The ball python constricts you.
You take 4 damage, and have 19/24 hp.
You barely miss the ball python.
The ball python bites you but does no damage.
The ball python constricts you.
You slash the ball python!
You kill the ball python!
Trog accepts your kill.
No target in view!
No target in view!
Things that are here:
a +0 dagger; a goblin corpse
There is an open door here.
You open the door.
There is an open door here.
You see here a rat skeleton.
Things that are here:
a +0 club; a goblin skeleton Done exploring.
Health restored: 24 Done exploring.
Done exploring.
There is a stone staircase leading down here.
Unknown command.
Unknown command.
Done exploring.
You climb downwards.
The gnoll shouts! x2; The rat squeaks loudly.
Found 2 smoky amethyst potions.
There is a stone staircase leading up here.
There are monsters nearby!
Sigmund shouts!
The gnoll shouts!
You slash the rat!
You kill the rat!
Trog accepts your kill.
The gnoll throws a throwing net.
The throwing net closely misses you.
There is a stone staircase leading up here.
Sigmund gestures at you while chanting. The puff of flame misses you.
You slash the gnoll!
The gnoll is heavily wounded.
The gnoll hits you with a +0 whip.
You take 4 damage, and have 20/24 hp.
You closely miss the gnoll.
The gnoll is heavily wounded.
The gnoll barely misses you.
You hit the gnoll.
The gnoll is severely wounded.
The gnoll hits you with a +0 whip.
You take 4 damage, and have 16/24 hp.
You slash the gnoll!
You kill the gnoll!
Trog accepts your kill.
Sigmund mumbles some strange words.
Sigmund flickers and vanishes!
Deactivating autopickup; reactivate with Ctrl-A.
You hear an angry hiss.
You hit the gnoll but do no damage. The gnoll closely misses you.
You closely miss the gnoll. The gnoll hits you with a +0 flail.
The gnoll hits you but does no damage.
You take 3 damage, and have 13/24 hp.
You hit the gnoll.
The gnoll is moderately wounded.
The gnoll hits you but does no damage. The gnoll barely misses you.
The gnoll closely misses you.
It was a potion of curing.
You feel better. The gnoll hits you but does no damage.
The gnoll hits you with a +0 flail.
You regained 2 hp, and now have 15/24 hp.
You barely miss the gnoll.
The gnoll is moderately wounded.
The gnoll closely misses you. The gnoll hits you with a +0 flail!
* * * LOW HITPOINT WARNING * * *
You take 8 damage, and have 7/24 hp.
MASSIVE DAMAGE!!
A red film seems to cover your vision as you go berserk!
You feel yourself moving faster!
You feel mighty!
The gnoll hits you from afar with a +0 spear.
* * * LOW HITPOINT WARNING * * *
The gnoll barely misses you.
You now have 9/36 hp.
You hit the gnoll.
The gnoll is severely wounded.
You slash the gnoll!
You kill the gnoll!
Trog accepts your kill. The gnoll closely misses you.
Your Fighting skill increases to level 4!
The gnoll closely misses you. Something hits you!
You die...

#### #.. #.#
#.# #@# #g#
###{# #...#
#g### #
########@####.#
........g(....#
##....†g...###
#.....<...#


You could see a gnoll.

Vanquished Creatures
  2 gnolls (D:2)
  A dart slug (D:1)
  4 bats (D:1)
  3 endoplasms (D:1)
  A giant cockroach (D:1)
  3 goblins (D:1)
  A hobgoblin (D:1)
  4 jackals (D:1)
  5 ball pythons (D:1)
  A frilled lizard (D:1)
  4 rats
29 creatures vanquished.

Notes
Turn   | Place    | Note
-------+----------+-------------------------------------------
     0 | D:1      | gimp the Gargoyle Berserker began the quest for the Orb.
     0 | D:1      | Reached XP level 1. HP: 14/14 MP: 1/1
   171 | D:1      | Reached XP level 2. HP: 18/19 MP: 2/2
   462 | D:1      | Reached XP level 3. HP: 18/24 MP: 3/3
   930 | D:2      | Noticed Sigmund
   956 | D:2      | Reached skill level 4 in Fighting
   956 | D:2      | Mangled by Sigmund

Illustrated notes

Levels and vault maps discovered:
D:1:      dpeg_arrival_pond, layout_loops_corners, skrybe_limestone_x
D:2:      layout_loops_ring, uniq_sigmund

Skill      XL: |  1  2  3 |
---------------+----------+-----
Axes           | 3 |  3.7
Fighting       | 4 |  4.0
Armour         | |  2.1
Dodging        | |  1.5

Action                     || total
---------------------------++-------
  Melee: Hand axe          ||    85
 Invoke: Berserk           ||     1
    Use: Potion            ||     1
   Stab: Sleeping          ||     1
 Armour: Animal skin       ||    70
  Dodge: Dodged            ||    57

Table legend: (Time is in decaauts)
 A = Elapsed time spent in this place.
 B = Non-inter-level travel time spent in this place.
 C = Inter-level travel time spent in this place.
 D = Time resting spent in this place.
 E = Time spent auto-exploring this place.
 F = Levels seen in this place.
 G = Mean time per level.
                   A        B        C        D        E       F      G
               +--------+--------+--------+--------+--------+-----+--------+
         Total |    967 |    938 |     29 |      0 |    755 |   2 |  483.5 |
       Dungeon |    967 |    938 |     29 |      0 |    755 |   2 |  483.5 |
               +--------+--------+--------+--------+--------+-----+--------+

Top non-repeatable levels by time:
     D:1: 940 daAuts
     D:2: 26 daAuts
